 Dungeon Crawl Stone Soup version 0.28-a0-851-g8b9cc49659 (webtiles) character file.

Game seed: 9228476107996299174

84 ytrimaz the Skirmisher (level 4, 0/37 HPs)
             Began as a Demonspawn Berserker on Nov 14, 2021.
             Was a Believer of Trog.
             Slain by a gnoll (3 damage)
             ... on level 3 of the Dungeon.
             The game lasted 00:02:53 (2943 turns).

ytrimaz the Skirmisher (Demonspawn Berserker)       Turns: 2943, Time: 00:02:53

Health: 0/37       AC:  3    Str: 19    XL:     4   Next: 23%
Magic:  4/4        EV: 12    Int:  8    God:    Trog [**....]
Gold:   164        SH:  0    Dex: 12    Spells: 3/3 levels left

rFire   . . .      SeeInvis .   a - +0 hand axe
rCold   . . .      Faith    .   (no shield)
rNeg    . . .      Spirit   .   i - +0 leather armour
rPois   .          Reflect  .   (helmet restricted)
rElec   .          Harm     .   (no cloak)
rCorr   .          Rampage  .   (no gloves)
Will    ++...                   (no boots)
Stlth   +.........              (no amulet)
HPRegen 1.12/turn               (no ring)
MPRegen 0.09/turn               (no ring)

@: strong-willed, regenerating
A: horns 2
a: Renounce Religion, Berserk, Trog's Hand


You were on level 3 of the Dungeon.
You worshipped Trog.
Trog was pleased with you.
You visited 1 branch of the dungeon, and saw 3 of its levels.

You collected 164 gold pieces.

Inventory:

Hand Weapons
 a - a +0 hand axe (weapon)
 g - a +0 war axe
Missiles
 h - 16 poisoned darts (quivered)
Armour
 i - a +0 leather armour (worn)
Wands
 d - a wand of flame (15)
Potions
 c - 2 potions of lignification
 e - 2 potions of haste
 f - 3 potions of curing {unknown}


   Skills:
 * Level 3.6 Fighting
 + Level 3.4 Axes
 * Level 0.4 Throwing
 * Level 2.3 Armour
 - Level 2.3 Dodging


You had 3 spell levels left.
You didn't know any spells.
Your spell library was empty.

Dungeon Overview and Level Annotations

Branches:
Dungeon (3/15)

Altars:

Shops:
D:1 [


Innate Abilities, Weirdness & Mutations

You have a pair of horns on your head.


Message History

You slash the orc!
You kill the orc!
Trog accepts your kill.
Things that are here:
a +0 dagger; an orc corpse
Found a stone staircase leading down.
Found a stone staircase leading up.
Found a quarterstaff.
Found a dagger.
f - 3 golden potions (gained 1)
Found a stone staircase leading up.
A quokka comes into view.
A quokka is nearby!
A quokka is nearby!
You hit the quokka.
The quokka is lightly wounded.
The quokka barely misses you. x2
You hit the quokka. You headbutt the quokka.
You kill the quokka!
Trog accepts your kill.
Found a stone staircase leading down.
A gnoll comes into view. It is wielding a +0 club.
A gnoll is nearby!
A gnoll is nearby! 2 gnolls come into view.
The gnoll shouts! x2
A gnoll comes into view. It is wielding a +0 halberd.
The gnoll shouts! x2
The gnoll hits you from afar with a +0 spear!
Found a dagger.
The gnoll hits you with a +0 club. The gnoll hits you with a +0 spear.
The gnoll hits you with a +0 halberd!
The gnoll hits you from afar with a +0 spear.
* * * LOW HITPOINT WARNING * * *
Unknown command.
Your skin crawls.
You feel strong-willed. The gnoll closely misses you.
The gnoll hits you with a +0 spear!
* * * LOW HITPOINT WARNING * * *
The gnoll hits you with a +0 halberd.
You die...

#### #########
#..g###........
#.gg@..........
#..g###.######
##.# ##.# #)
#..# # #.## #.#
#.# #.# #.#
#.#.# #.#


You could see 4 gnolls.

Vanquished Creatures
  An adder (D:2)
  A worm (D:2)
  3 dart slugs
  6 orcs (D:3)
  5 ball pythons
  3 endoplasms
  5 giant cockroaches
  3 goblins
  5 hobgoblins
  5 kobolds
  6 quokkas
  3 bats (D:1)
  3 frilled lizards
  6 rats
55 creatures vanquished.

Notes
Turn   | Place    | Note
-------+----------+-------------------------------------------
     0 | D:1      | ytrimaz the Demonspawn Berserker began the quest for the
                  | Orb.
     0 | D:1      | Reached XP level 1. HP: 18/18 MP: 1/1
    22 | D:1      | Noticed an eye of devastation
    24 | D:1      | Found a faded altar of an unknown god.
    25 | D:1      | Noticed an eye of devastation
    25 | D:1      | Noticed a golden eye
    25 | D:1      | Noticed an eye of devastation
   255 | D:1      | Gained mutation: You have a pair of small horns on your
                  | head. [demonic ancestry]
   255 | D:1      | Reached XP level 2. HP: 21/24 MP: 2/2
   836 | D:1      | Found Uqaiq's Antique Armour Shoppe.
  1152 | D:2      | Gained mutation: You have a pair of horns on your head.
                  | [demonic ancestry]
  1152 | D:2      | Reached XP level 3. HP: 29/29 MP: 3/3
  1276 | D:2      | Reached ** piety under Trog
  2529 | D:3      | Reached XP level 4. HP: 36/36 MP: 4/4
  2943 | D:3      | Slain by a gnoll

Illustrated notes

Levels and vault maps discovered:
D:1:      saegor_arrival_simple_d, layout_rooms, serial_shops, shop_coins,
          hellmonk_ecumenical_altar_watching_god
D:2:      layout_rooms, grunt_ministairs_15, minmay_misc_feat_plants
D:3:      layout_loops_ring, chequers_serial_rivers_micro_b, uniq_ijyb

Skill      XL: |  1  2 |
---------------+-------+-----
Armour         | 2 |  2.3
Axes           | 3 |  3.4
Dodging        | 2 |  2.3
Fighting       | |  3.6
Throwing       | |  0.4

Action                   |  1- 3 |  4- 6 || total
-------------------------+-------+-------++-------
Melee: Hand axe          |   117 |    19 ||   136
       Headbutt          |    17 |     7 ||    24
Invok: Berserk           |     1 |     1 ||     2
       Trog's Hand       |       |     1 ||     1
  Use: Scroll            |     5 |       ||     5
 Stab: Sleeping          |     1 |       ||     1
Armor: Animal skin       |    28 |       ||    28
       Leather armour    |       |     2 ||     2
Dodge: Dodged            |    98 |    14 ||   112

Table legend: (Time is in decaauts)
 A = Elapsed time spent in this place.
 B = Non-inter-level travel time spent in this place.
 C = Inter-level travel time spent in this place.
 D = Time resting spent in this place.
 E = Time spent auto-exploring this place.
 F = Levels seen in this place.
 G = Mean time per level.
                   A        B        C        D        E       F      G
               +--------+--------+--------+--------+--------+-----+--------+
         Total |   2983 |   2933 |     50 |   1287 |   1217 |   3 |  994.3 |
       Dungeon |   2983 |   2933 |     50 |   1287 |   1217 |   3 |  994.3 |
               +--------+--------+--------+--------+--------+-----+--------+

Top non-repeatable levels by time:
     D:2: 1444 daAuts
     D:1: 1085 daAuts
     D:3: 454 daAuts
